 Dungeon Crawl Stone Soup version 0.23.2-40-g277498a001 (webtiles) character file.

Game seed: 1688280191618044581

76 KnightHorse the Shooter (level 3, -4/29 HPs)
             Began as a Demigod Hunter on Sept 30, 2019.
             Killed from afar by an orc wizard (12 damage)
             ... with a puff of flame
             ... on level 3 of the Dungeon.
             The game lasted 00:19:32 (2421 turns).

KnightHorse the Shooter (Demigod Hunter)            Turns: 2421, Time: 00:19:32

Health: -4/29      AC:  3    Str: 17    XL:     3   Next: 89%
Magic:  5/5        EV: 12    Int: 15    God:
Gold:   118        SH:  0    Dex: 16    Spells: 1/2 levels left

rFire    . . .     SeeInvis .   b - +0 short sword
rCold    . . .     Gourm    .   (no shield)
rNeg     . . .     Faith    .   c - +0 leather armour
rPois    .         Spirit   .   (no helmet)
rElec    .         Reflect  .   (no cloak)
rCorr    .         Harm     .   (no gloves)
MR       .....                  (no boots)
Stlth    ++........             (no amulet)
HPRegen  0.09/turn              (no ring)
MPRegen  0.09/turn              (no ring)

@: no status effects
A: high mp 1
a: no special abilities


You were on level 3 of the Dungeon.
You were not hungry.

You visited 1 branch of the dungeon, and saw 4 of its levels.

You collected 118 gold pieces.

Inventory:

Hand Weapons
 a - a +1 shortbow
 b - a +0 short sword (weapon)
 w - a +0 dagger
Missiles
 d - 95 arrows
 l - 70 stones (quivered)
 m - 2 curare-tipped needles
 x - 11 sling bullets
Armour
 c - a +0 leather armour (worn)
 q - a +0 scale mail
Scrolls
 h - 2 scrolls of remove curse {unknown}
 i - 3 scrolls of teleportation {unknown}
 j - 5 scrolls of identify {unknown}
 k - a scroll of immolation {unknown}
 o - 2 scrolls of enchant armour {unknown}
 p - a scroll of amnesia {unknown}
 t - a scroll of noise {unknown}
 u - a scroll of magic mapping {unknown}
Potions
 e - 2 potions of curing
 g - a potion of haste {unknown}
 n - a potion of brilliance {unknown}
 r - 2 potions of magic {unknown}
 s - a potion of might {unknown}
 v - a potion of degeneration {unknown}
 A - a potion of heal wounds {unknown}
Comestibles
 f - 2 rations
 z - 6 chunks of flesh


   Skills:
 + Level 2.1 Fighting
 + Level 1.0 Short Blades
 * Level 4.1 Bows
 + Level 2.2 Dodging
 * Level 2.3 Stealth
 + Level 0.0 Spellcasting
 + Level 0.0 Hexes


You had one spell level left.
You knew the following spells:

 Your Spells              Type           Power        Failure   Level  Hunger
a - Corona                Hex            #......      32%         1    ##.....

Your spell library contained the following spells:

 Spells                   Type           Power        Failure   Level  Hunger
 Ensorcelled Hibernation  Hex/Ice        #.....       45%         2    ###....
 Confuse                  Hex            #.......     69%         3    ####...
 Dazzling Spray           Conj/Hex       #.....       69%         3    ####...
 Tukima's Dance           Hex            #.......     69%         3    ####...


Dungeon Overview and Level Annotations

Branches:
Dungeon (4/15)
 Temple: D:4-7


Innate Abilities, Weirdness & Mutations

You have an increased reservoir of magic. (+10% MP)


Message History

The orc shouts!
You hit something but do no damage. Something hits you.
You hit something but do no damage. Something barely misses you.
Something hits you but does no damage.
You closely miss something. Something hits you.
The orc throws a tomahawk.
Something hits you.
You hit something but do no damage. Something hits you but does no damage.
The orc throws a tomahawk.
The tomahawk closely misses you.
You hit something. Something hits you.
* * * LOW HITPOINT WARNING * * *
Something hits you.
* * * LOW HITPOINT WARNING * * *
The orc throws a tomahawk.
The tomahawk misses you. The orc wizard casts a spell at you.
The magic dart hits something.
A hobgoblin comes into view. It is wielding a -2 club.
You hear some strange, mumbled words.
A puff of flame appears from out of thin air!
The puff of flame hits you!
You die...

##.....)..†......#. ..# #
##..#.####.##.#..###..#..
#.......##.##.#..........
#.......##.#............#
#.......##.>..ooo.!...#
#.......####..oo#####.#
#.....#.......#{#
#.......####.##(#
.........# #.##@#
##....##..........#
##.#.##.####.##..#
#.#.##.# #.##..# #.#
#...... #.# ####..## ....
g..#


You could see an orc wizard, 4 orcs and a hobgoblin (sleeping).

Vanquished Creatures
  2 oozes
  A worm (D:2)
  A dart slug (D:1)
  2 leopard geckos
  2 orcs (D:3)
  A ball python (D:3)
  6 bats
  3 giant cockroaches
  6 goblins
  6 hobgoblins
  3 jackals (D:3)
  8 kobolds
  A quokka (D:2)
  5 frilled lizards
  7 rats
  A plant (D:2)
55 creatures vanquished.

Notes
Turn   | Place    | Note
-------+----------+-------------------------------------------
     0 | D:1      | KnightHorse the Demigod Hunter began the quest for the Orb.
     0 | D:1      | Reached XP level 1. HP: 17/17 MP: 3/3
   118 | D:1      | Reached skill level 1 in Stealth
   279 | D:1      | Reached XP level 2. HP: 24/24 MP: 4/4
  1031 | D:2      | Reached skill level 4 in Bows
  1031 | D:2      | Reached XP level 3. HP: 29/29 MP: 5/5
  1473 | D:2      | Found a sacrificial altar of Ru.
  1644 | D:2      | Found a blossoming altar of Fedhas.
  1957 | D:2      | Reached skill level 1 in Short Blades
  2166 | D:3      | Learned a level 1 spell: Corona
  2421 | D:3      | Killed from afar by an orc wizard

Skill      XL: |  1  2  3 |
---------------+----------+-----
Stealth        | 1 2 |  2.3
Fighting       | 2 |  2.1
Dodging        | 2 |  2.2
Bows           | 4 |  4.1
Short Blades   | 1 |  1.0

Action                   || total
-------------------------++-------
Melee: Short sword       ||   173
 Fire: Shortbow          ||    79
Throw: Stone             ||    12
  Use: Potion            ||     1
 Stab: Sleeping          ||     2
  Eat: Chunk             ||     2
       Ration            ||     1
Armor: Leather armour    ||    27
Dodge: Dodged            ||    66
